 Dungeon Crawl Stone Soup version 0.17-a0-1830-g81820eb (console) character file.

17 Garrluk the Ruffian (level 2, -2/29 HPs)
             Began as a Troll Monk on Sept 14, 2015.
             Killed from afar by a giant gecko (30 damage)
             ... with an exploding inner flame
             ... hexed by the player character
             ... on level 1 of the Dungeon.
             The game lasted 00:01:33 (337 turns).

Garrluk the Ruffian (Troll Monk)                     Turns: 337, Time: 00:01:33

Health: -2/29      AC:  6    Str: 18    XL:     2   Next: 44%
Magic:  1/1        EV: 10    Int:  6    God:
Gold:   43         SH:  0    Dex: 12    Spells: 0 memorised, 1 level left

rFire  . . .     SeeInvis .       - Unarmed
rCold  . . .     Clarity  .     a - +1 robe
rNeg   . . .     SustAt   .     (no shield)
rPois  .         Gourm    +     (helmet restricted)
rElec  .         Spirit   .     (no cloak)
rCorr  .         Warding  .     (gloves unavailable)
rMut   .         Stasis   .     (boots unavailable)
MR     .....                    c - amulet of inaccuracy (curse)
Stlth  +.........               (no ring)
                                (no ring)

@: not resistant to hostile enchantments, very unstealthy
A: unfitting armour, claws 3, fast metabolism 3, gourmand, regeneration 2,
shaggy fur 1, tough skin 2
a: no special abilities


You were on level 1 of the Dungeon.
You were very full.

You visited 1 branch of the dungeon, and saw 1 of its levels.

You collected 43 gold pieces.

Notes
Turn   | Place    | Note
--------------------------------------------------------------
     0 | D:1      | Garrluk the Troll Monk began the quest for the Orb.
     0 | D:1      | Reached XP level 1. HP: 22/22 MP: 0/0
   141 | D:1      | Reached XP level 2. HP: 29/29 MP: 1/1
   337 | D:1      | Killed from afar by a giant gecko

Inventory:

Missiles
 h - 29 stones (quivered)
Armour
 a - a +1 robe (worn)
Jewellery
 c - a cursed amulet of inaccuracy (around neck)
   (You found it on level 1 of the Dungeon)
 d - an uncursed amulet of resist mutation {unknown}
   (You found it on level 1 of the Dungeon)
 j - a cursed -4 ring of dexterity {unknown}
   (You found it on level 1 of the Dungeon)
Potions
 e - 2 potions of brilliance
 f - a potion of might {unknown}
 g - a potion of heal wounds {unknown}
Comestibles
 b - 4 bread rations

Table legend:
 A = Turns spent in this place as a percentage of turns spent in the entire game.
 B = Non-inter-level travel turns spent in this place as a percentage of non-inter-level travel turns spent in the entire game.
 C = Inter-level travel turns spent in this place as a percentage of turns spent in this place.
 D = Turns resting spent in this place as a percentage of non-inter-level travel turns spent in this place.
 E = Turns spent auto-exploring this place as a percentage of non-inter-level travel turns spent in this place.
 F = Non-inter-level travel turns spent in this place divided by the number of levels of this place that you've seen.
                   A       B       C       D       E      F
               +-------+-------+-------+-------+-------+----------------------
         Total | 100.0 | 100.0 |   0.0 |   0.0 |   9.1 | 187.0
       Dungeon | 100.0 | 100.0 |   0.0 |   0.0 |   9.1 | 187.0
               +-------+-------+-------+-------+-------+----------------------


   Skills:
 - Level 2.4 Fighting
 - Level 2.4 Dodging
 - Level 1.1 Stealth
 * Level 4.7 Unarmed Combat


You had one spell level left.
You didn't know any spells.

Dungeon Overview and Level Annotations

Branches:
Dungeon (1/15)

Altars:


Innate Abilities, Weirdness & Mutations

You are too large for most types of armour.
You have claws for hands.
Your metabolism is lightning-fast.
You like to eat raw meat.
You heal very quickly.
You are covered in fur (AC +1).
You have very tough skin (AC +2).


Message History

k - a scroll labeled KIXABB SEAXT Read which item? (? for menu, Esc to quit)
As you read the scroll labeled KIXABB SEAXT, it crumbles to dust.
The creatures around you are filled with an inner flame!
It was a scroll of immolation.
Read which item? (? for menu, Esc to quit)
As you read the scroll labeled LEETETOAVO, it crumbles to dust.
It is a scroll of identify.
Identify which item? (\ to view known items) (? for menu, Esc to quit)
e - 2 potions of brilliance The giant gecko hisses menacingly.
The giant gecko bites you.
You barely miss the giant gecko. The giant gecko barely misses you.
You closely miss the giant gecko. The giant gecko completely misses you.
You barely miss the giant gecko. The giant gecko closely misses you.
You claw the giant gecko!
The giant gecko explodes!
The fiery explosion engulfs you!
Ouch! That really hurt!
You die...

### ....###########
.....§.§......#
#§§@......##########
#§§§................
........####...........
#.#.####.#
#............ # ##.#
#............
..###............
....#............
#.##..............
##.............
#..#..÷.......
#....#########


There were no monsters in sight!

Table legend:
 A = Kills in this place as a percentage of kills in entire the game.
 B = Kills by you in this place as a percentage of kills by you in the entire game.
 C = Kills by friends in this place as a percentage of kills by friends in the entire game.
 D = Other kills in this place as a percentage of other kills in the entire game.
 E = Experience gained in this place as a percentage of experience gained in the entire game.
 F = Experience gained in this place divided by the number of levels of this place that you have seen.
                   A       B       C       D       E      F
               +-------+-------+-------+-------+-------+----------------------
         Total | 100.0 | 100.0 |  -nan |  -nan | 100.0 |  25.0
       Dungeon | 100.0 | 100.0 |  -nan |  -nan | 100.0 |  25.0
               +-------+-------+-------+-------+-------+----------------------

Vanquished Creatures
  Monster Symbol All 'K'
  A kobold (D:1)
1 creature vanquished. All 'b' 5 bats (D:1)
5 creatures vanquished. All 'g' 2 hobgoblins (D:1) A goblin (D:1)
3 creatures vanquished. All 'l' 2 giant geckos (D:1) A giant newt (D:1)
3 creatures vanquished. All 'r' 4 rats (D:1)
4 creatures vanquished.
16 creatures vanquished. Monster Nature Natural Monsters 2 giant geckos (D:1) 5 bats (D:1) 2 hobgoblins (D:1) A kobold (D:1) A giant newt (D:1) A goblin (D:1) 4 rats (D:1)
16 creatures vanquished.
16 creatures vanquished. Ascending Order A kobold (D:1) A giant newt (D:1) A goblin (D:1) 2 giant geckos (D:1) 2 hobgoblins (D:1) 4 rats (D:1) 5 bats (D:1)
16 creatures vanquished.

Action                   || total
-------------------------++-------
Melee: Unarmed           ||    57
  Use: Scroll            ||     4
  Eat: Chunk             ||     8
